 Dungeon Crawl Stone Soup version 0.23-a0-899-gbbae0a3 (webtiles) character file.

Game seed: 5146100157211392350

203 Lanoc the Chopper (level 5, -7/47 HPs)
             Began as a Hill Orc Monk on Jan 29, 2019.
             Was a Believer of Beogh.
             Killed by divine providence
             ... invoked by an orc priest
              (12 damage)
             ... on level 5 of the Dungeon.
             The game lasted 00:06:06 (3494 turns).

Lanoc the Chopper (Hill Orc Monk)                   Turns: 3494, Time: 00:06:08

Health: -7/47      AC:  3    Str: 15    XL:     5   Next: 81%
Magic:  14/14      EV: 19    Int: 10    God:    Beogh [**....]
Gold:   14         SH:  0    Dex: 18    Spells: 4/4 levels left

rFire    + . .     SeeInvis .   a - +0 hand axe
rCold    . . .     Gourm    .   (no shield)
rNeg     . . .     Faith    .   b - +1 robe
rPois    .         Spirit   .   (no helmet)
rElec    .         Reflect  .   (no cloak)
rCorr    .         Harm     .   (no gloves)
MR       .....                  (no boots)
Stlth    +++.......             (no amulet)
HPRegen  0.15/turn              g - ring of magical power
MPRegen  0.14/turn              n - ring of protection from fire

@: agile, very slightly contaminated, invisible
A: no striking features
a: Smiting, Renounce Religion


You were on level 5 of the Dungeon.
You worshipped Beogh.
Beogh was pleased with you.
You were not hungry.

You visited 2 branches of the dungeon, and saw 6 of its levels.

You collected 110 gold pieces.
You spent 96 gold pieces at shops.

Inventory:

Hand Weapons
 a - a +0 hand axe (weapon)
Armour
 b - a +1 robe (worn)
Jewellery
 g - a ring of magical power (left hand)
 n - a ring of protection from fire (right hand)
Scrolls
 h - 2 scrolls of teleportation {unknown}
 i - 2 scrolls of immolation
 j - a scroll of blinking
 k - a scroll of remove curse
 m - a scroll of magic mapping
 o - a scroll of enchant armour
 q - a scroll of fear {unknown}
 r - a scroll of enchant weapon {unknown}
Potions
 p - a potion of might
Comestibles
 c - 6 rations


   Skills:
 + Level 4.6 Fighting
 * Level 6.1 Axes
 + Level 2.3 Armour
 + Level 3.1 Dodging
 - Level 1.5 Stealth


You had 4 spell levels left.
You didn't know any spells.
Your spell library was empty.

Dungeon Overview and Level Annotations

Branches:
Dungeon (5/15)             Temple (1/1) D:4

Altars:
Elyvilon
Hepliaklqana
Wu Jian
The Shining One

Shops:
D:5 *

Annotations:
D:3 Sigmund


Message History

It was a potion of agility.
You feel agile all of a sudden.
The orc wizard gestures wildly while chanting.
The orc wizard blinks!
You fade into invisibility!
The orc wizard points at you and mumbles some strange words.
You resist with some effort.
You are very lightly contaminated with residual magic.
You see here a +0 short sword.
You barely miss the orc priest. The orc priest hits you.
* * * LOW HITPOINT WARNING * * *
You hit the orc priest.
The orc priest is heavily wounded.
You catch the helpless orc wizard completely off-guard!
You hit the orc wizard but do no damage.
The orc wizard misses you.
The orc priest calls down the wrath of Beogh upon you.
Beogh smites you!
You die...
Beogh appreciates the orc priest's killing of a heretic priest.

#############
##.....o@o.(.##****
#......)........,,*
#..##...####.###*,*
#..###### *,# *,* #..#
*,****,*
#########..#####****,,,,,,*
∩......!..^...[..,,,,,,,,,*
.#####..#..######***,,***,*
.# #..#..# *,,***,*


You could see an orc priest and an orc wizard.

Vanquished Creatures
  A howler monkey (D:4)
  An orc priest (D:5)
  A bullfrog skeleton (D:5)
  Natasha (D:2)
  2 adders
  An ooze (D:4)
  An adder skeleton (D:4)
  3 dart slugs
  2 leopard geckos
  2 orcs
  6 giant cockroaches
  4 goblins
  5 hobgoblins
  4 jackals (D:5)
  2 kobolds (D:1)
  2 quokkas (D:3)
  2 ball pythons (D:2)
  4 bats
  3 frilled lizards
  4 rats
51 creatures vanquished.

Notes
Turn   | Place    | Note
-------+----------+-------------------------------------------
     0 | D:1      | Lanoc the Hill Orc Monk began the quest for the Orb.
     0 | D:1      | Reached XP level 1. HP: 19/19 MP: 1/1
   177 | D:1      | Reached XP level 2. HP: 27/27 MP: 2/2
   581 | D:2      | Reached skill level 1 in Armour
   674 | D:2      | Found a glowing golden altar of the Shining One.
   678 | D:2      | Reached XP level 3. HP: 33/33 MP: 3/3
  1598 | D:2      | Noticed Natasha
  1609 | D:2      | Killed Natasha
  1609 | D:2      | Reached skill level 5 in Axes
  1609 | D:2      | Reached XP level 4. HP: 24/40 MP: 4/4
  1916 | D:3      | Noticed Sigmund
  2720 | D:4      | Became a worshipper of Beogh the Brigand
  2720 | D:4      | Reached * piety under Beogh
  2720 | D:4      | Reached ** piety under Beogh
  3045 | D:4      | Found a white marble altar of Elyvilon.
  3047 | D:4      | Found a hazy altar of Hepliaklqana.
  3047 | D:4      | Found an ornate altar of the Wu Jian Council.
  3072 | D:4      | Reached XP level 5. HP: 21/47 MP: 5/5
  3257 | D:4      | Found a staircase to the Ecumenical Temple.
  3262 | Temple   | Entered the Ecumenical Temple
  3413 | D:5      | Entered Level 5 of the Dungeon
  3422 | D:5      | Found Jemumeub's Assorted Antiques.
  3430 | D:5      | Bought a scroll labeled BAUROF JEC VAZ for 24 gold pieces
  3430 | D:5      | Bought a scroll labeled ITORPH RUSO for 24 gold pieces
  3430 | D:5      | Bought a scroll labeled ZUMEUG TAGH for 24 gold pieces
  3430 | D:5      | Bought a scroll labeled ISO DUPLUS for 24 gold pieces
  3486 | D:5      | Reached skill level 6 in Axes
  3494 | D:5      | Killed from afar by an orc priest

Vault maps used:
D:1:      wander_arrival_estate
D:2:      lemuel_round_altar, chequers_serial_rivers_room_b, uniq_natasha
D:3:      uniq_sigmund
D:4:      chequers_temple_overflow_statue_of_worship, temple_doors_e,
          kennysheep_generic_room_12
D:5:      first_ration, serial_shops, shop, gammafunk_ghost_grave
Temple:   pf_slime_end_temple

Skill      XL: |  1  2  3  4  5 |
---------------+----------------+-----
Armour         | 1 2 |  2.3
Fighting       | 4 |  4.6
Axes           | 5 6 |  6.1
Dodging        | 3 |  3.1
Stealth        | |  1.5

Action                   |  1- 3 |  4- 6 || total
-------------------------+-------+-------++-------
Melee: Hand axe          |    86 |   103 ||   189
Invok: Convert to Beogh  |       |     1 ||     1
  Use: Potion            |     1 |     2 ||     3
       Scroll            |       |     8 ||     8
 Stab: Sleeping          |     1 |     2 ||     3
       Distracted        |     1 |       ||     1
       Invisible         |       |     1 ||     1
  Eat: Ration            |     1 |     1 ||     2
       Chunk             |       |     2 ||     2
Armor: Robe              |    11 |    13 ||    24
       Skin              |    13 |       ||    13
Dodge: Dodged            |    50 |    70 ||   120

Table legend:
 A = Non-vault XP
 B = Vault XP
 C = Vault XP percentage of total XP
 D = Non-vault monster count
 E = Vault monster count
 F = Vault count percentage of total count
                 A         B        C        D         E       F
            +---------+---------+-------+---------+---------+-------
      Total |     256 |      35 |  12.0 |      50 |       1 |   2.0
            +---------+---------+-------+---------+---------+-------
        D:1 |      27 |       0 |   0.0 |      15 |       0 |   0.0
        D:2 |      34 |      35 |  50.7 |      13 |       1 |   7.1
        D:3 |      22 |       0 |   0.0 |      10 |       0 |   0.0
        D:4 |      85 |       0 |   0.0 |       6 |       0 |   0.0
        D:5 |      88 |       0 |   0.0 |       6 |       0 |   0.0
            +---------+---------+-------+---------+---------+-------
